 Dungeon Crawl Stone Soup version 0.28-a0-1545-g945cd3f27e (webtiles) character file.

Game seed: 7356854176846561468

814 Naow the Conjurer (level 7, -5/36 HPs)
             Began as a Deep Elf Conjurer on Jan 18, 2022.
             Shot with an arrow by a centaur (8 damage)
             ... on level 6 of the Dungeon.
             The game lasted 00:22:43 (5562 turns).

Naow the Conjurer (Deep Elf Conjurer)               Turns: 5562, Time: 00:22:44

Health: -5/36      AC:  2    Str:  4    XL:     7   Next: 62%
Magic:  15/20      EV: 12    Int: 25    God:
Gold:   162        SH:  0    Dex: 13    Spells: 13/21 levels left

rFire   . . .      SeeInvis .   (no weapon)
rCold   . . .      Faith    .   (no shield)
rNeg    . . .      Spirit   .   a - +0 robe
rPois   .          Reflect  .   (no helmet)
rElec   .          Harm     .   (no cloak)
rCorr   .          Rampage  .   (no gloves)
Will    .....                   (no boots)
Stlth   +++.......              (no amulet)
HPRegen 0.12/turn               (no ring)
MPRegen 0.17/turn               (no ring)

@: no status effects
A: no striking features
a: no special abilities


You were on level 6 of the Dungeon.
You visited 2 branches of the dungeon, and saw 7 of its levels.

You collected 162 gold pieces.

Inventory:

Armour
 a - a +0 robe (worn)
Wands
 o - a wand of iceblast (10)
Scrolls
 b - 2 scrolls of fog {unknown}
 c - 3 scrolls of identify
 e - a scroll of fear {unknown}
 g - a scroll of torment {unknown}
 i - 3 scrolls of teleportation
 j - 2 scrolls of amnesia {unknown}
 l - a scroll of magic mapping {unknown}
 n - a scroll of acquirement {unknown}
 p - a scroll of noise {unknown}
Potions
 d - 5 potions of curing {unknown}
 f - a potion of magic {unknown}
 h - a potion of brilliance {unknown}
 k - a potion of invisibility {unknown}
 m - a potion of degeneration {unknown}
 q - a potion of heal wounds {unknown}


   Skills:
 - Level 2.4 Dodging
 + Level 5.4 Stealth
 * Level 7.5 Spellcasting
 * Level 7.5 Conjurations


You had 13 spell levels left.
You knew the following spells:

 Your Spells              Type           Power      Damage    Failure   Level
a - Magic Dart            Conj           100%       1d8       1%          1
b - Conjure Flame         Conj/Fire      28%        6-21      4%          3
c - Iskenderun's Mystic   Conj/Tloc      28%        2d7       13%         4

Your spell library contained the following spells:

 Spells                   Type           Power      Damage    Failure   Level
 Foxfire                  Conj/Fire      100%       2x1d9     1%          1
 Searing Ray              Conj           94%        2d7       1%          2
 Dazzling Flash           Conj/Hex       56%        N/A       4%          3
 Corpse Rot               Necr/Air       18%        N/A       10%         2
 Poisonous Vapours        Pois/Air       18%        N/A       10%         2
 Flame Wave               Conj/Fire      28%        2d6       13%         4
 Fulminant Prism          Conj/Hex       14%        3d9       13%         4
 Inner Flame              Hex/Fire       9%         N/A       19%         3
 Agony                    Necr           9%         N/A       87%         5
 Silence                  Hex/Air        4%         N/A       87%         5


Dungeon Overview and Level Annotations

Branches:
Dungeon (6/15)             Temple (1/1) D:5

Altars:
Dithmenos
Elyvilon
Fedhas
Gozag
Hepliaklqana
Kikubaaqudgha
Makhleb
Okawaru
Ru
Sif Muna
Trog
Uskayaw
Wu Jian
Xom
Yredelemnul
Zin
The Shining One
Lugonu

Shops:
D:4 *

Annotations:
D:4 Dowan, Duvessa


Message History

Aim: a centaur, quivering arrows (lightly wounded, 100% to hit)
The magic dart hits the centaur.
The centaur is heavily wounded.
The centaur wields a +0 shortbow.
The centaur shoots an arrow.
The arrow misses you.
Casting: Magic Dart (safe; 1% risk of failure)
Confirm with . or Enter, or press ? or * to list all spells.
Aiming: Magic Dart (safe; 1% risk of failure)
Press: ? - help, Shift-Dir - straight line, f/p - centaur
Aim: a centaur, wielding a +0 shortbow and quivering arrows (moderately wounded, 100% to hit)
The magic dart hits the centaur.
The centaur is heavily wounded.
The centaur shoots an arrow.
The arrow hits you.
Casting: Magic Dart (safe; 1% risk of failure)
Confirm with . or Enter, or press ? or * to list all spells.
Aiming: Magic Dart (safe; 1% risk of failure)
Press: ? - help, Shift-Dir - straight line, f/p - centaur
Aim: a centaur, wielding a +0 shortbow and quivering arrows (heavily wounded, 100% to hit)
The magic dart hits the centaur.
The centaur is severely wounded.
The centaur shoots an arrow.
The arrow hits you!
Casting: Magic Dart (safe; 1% risk of failure)
Confirm with . or Enter, or press ? or * to list all spells.
Aiming: Magic Dart (safe; 1% risk of failure)
Press: ? - help, Shift-Dir - straight line, f/p - centaur
Aim: a centaur, wielding a +0 shortbow and quivering arrows (severely wounded, 100% to hit)
The magic dart hits the centaur.
The centaur is almost dead.
The centaur shoots an arrow.
The arrow hits you!
* * * LOW HITPOINT WARNING * * *
Casting: Magic Dart (safe; 1% risk of failure)
Confirm with . or Enter, or press ? or * to list all spells.
Aiming: Magic Dart (safe; 1% risk of failure)
Press: ? - help, Shift-Dir - straight line, f/p - centaur
Aim: a centaur, wielding a +0 shortbow and quivering arrows (almost dead, 100% to hit)
The magic dart hits the centaur but does no damage.
The centaur is almost dead.
The centaur shoots an arrow.
The arrow completely misses you.
The centaur shoots an arrow.
The arrow hits you!
You die...

.##.##.#.##.......####.#
.##......>..#..........#
.#####.#............####
...###.#...≈≈≈≈≈≈≈≈.#
.......##.≈.......≈.#
##.######.≈.♣♣♣♣♣.≈.#
........#.≈.....♣.≈.#
##.##.#.#.≈.♣._.♣.≈.##
##.##.#.#.≈.♣...@.≈..#
##....#.#.≈.♣♣♣♣♣.≈..#
##.#..#.#.≈.. .≈c.#
...<#.#.#.≈≈≈ ≈≈..#
#..###..#.... ....# #.##
#.##.. #.#.# .# #.. ...#
# ### ## #


You could see a centaur.

Vanquished Creatures
  A black bear (D:5)
  3 ogres
  Blork the orc (D:4)
  A water moccasin zombie (D:5)
  A jelly (D:5)
  2 hounds
  A bullfrog skeleton (D:4)
  An iguana (D:4)
  A hound skeleton (D:5)
  4 gnolls
  8 adders
  A shadow imp (D:5)
  A white imp (D:6)
  An adder skeleton (D:5)
  3 dart slugs
  3 orcs
  3 ball pythons
  11 endoplasms
  2 giant cockroaches
  4 hobgoblins
  4 jackals
  A quokka (D:3)
  6 bats
  4 frilled lizards
  8 goblins
  4 kobolds
  5 rats
85 creatures vanquished.

Vanquished Creatures (others)
  6 fungi (D:4)
6 creatures vanquished.

Grand Total: 91 creatures vanquished

Notes
Turn   | Place    | Note
-------+----------+-------------------------------------------
     0 | D:1      | Naow the Deep Elf Conjurer began the quest for the Orb.
     0 | D:1      | Reached XP level 1. HP: 10/10 MP: 6/6
   292 | D:1      | Reached XP level 2. HP: 15/15 MP: 6/8
   595 | D:1      | Reached skill level 5 in Conjurations
   962 | D:2      | Reached XP level 3. HP: 19/19 MP: 8/10
  1377 | D:2      | Learned a level 3 spell: Conjure Flame
  1500 | D:3      | Found a burning altar of Makhleb.
  1576 | D:3      | Found a shimmering blue altar of Sif Muna.
  1680 | D:3      | Reached XP level 4. HP: 24/24 MP: 9/12
  2568 | D:4      | Noticed Blork the orc
  2711 | D:4      | Reached XP level 5. HP: 24/28 MP: 9/14
  2899 | D:4      | Found Ablav's Assorted Antiques.
  2946 | D:4      | Noticed an ogre
  2956 | D:4      | Killed an ogre
  2957 | D:4      | Reached skill level 5 in Spellcasting
  3077 | D:4      | Noticed an ogre
  3089 | D:4      | Killed an ogre
  3090 | D:4      | Reached XP level 6. HP: 32/32 MP: 5/16
  3188 | D:4      | Killed Blork the orc
  3314 | D:4      | Found a sacrificial altar of Ru.
  3706 | D:4      | Found a shimmering altar of Xom.
  4010 | D:4      | Found a glowing silver altar of Zin.
  4012 | D:4      | Noticed Duvessa
  4012 | D:4      | Noticed Dowan
  4106 | D:5      | Entered Level 5 of the Dungeon
  4122 | D:5      | Reached XP level 7. HP: 14/36 MP: 4/18
  4341 | D:5      | Reached skill level 5 in Stealth
  4462 | D:5      | Found a glowing golden altar of the Shining One.
  4581 | D:5      | Found a blossoming altar of Fedhas.
  5024 | D:5      | Found a staircase to the Ecumenical Temple.
  5062 | D:5      | Found a white marble altar of Elyvilon.
  5092 | Temple   | Entered the Ecumenical Temple
  5544 | D:6      | Learned a level 4 spell: Iskenderun's Mystic Blast
  5546 | D:6      | Found an iron altar of Okawaru.
  5562 | D:6      | Shot with an arrow by a centaur

Illustrated notes

Levels and vault maps discovered:
D:1:      minmay_arrival_semitransparent, layout_rooms
D:2:      layout_rooms, amcnicky_mini_corridor_feature
D:3:      layout_loops_ring, mainiacjoe_overflow_catch_the_wave
D:4:      layout_cave_pods, zin_statuary, kennysheep_mini_moat,
          mainiacjoe_overflow_alcove_4, serial_shops,
          nicolae_shop_competitors_out_of_business, uniq_duvessa,
          uniq_blork_the_orc
D:5:      layout_rooms, nicolae_elyvilon_peaceful_grove, tso_metal_star,
          fedhas_altar_fruit_tree, minmay_temple_entry_nine_rooms,
          amcnicky_mini_rare_corridor_liquid
D:6:      layout_loops_cross, mainiacjoe_overflow_brackets,
          mainiacjoe_overflow_concentric_impassable, serial_glass,
          glass_columns_a, glass_columns_a, due_unseen_surprise,
          feat_on_display, feat_on_display, item_on_display_a,
          minmay_misc_feat_cross, minmay_manual_mares
Temple:   corrupted_temple

Skill      XL: |  1  2  3  4  5  6  7 |
---------------+----------------------+-----
Conjurations   | 5 6 7 |  7.5
Stealth        | 3 4 5 |  5.4
Spellcasting   | 4 5 6 7 |  7.5
Dodging        | |  2.4

Action                   |  1- 3 |  4- 6 |  7- 9 || total
-------------------------+-------+-------+-------++-------
 Cast: Magic Dart        |    73 |   116 |    57 ||   246
       Conjure Flame     |     2 |     4 |     3 ||     9
  Use: Scroll            |       |     2 |       ||     2
Armor: Robe              |     2 |     3 |       ||     5
Dodge: Dodged            |     5 |    12 |     9 ||    26

Table legend: (Time is in decaauts)
 A = Elapsed time spent in this place.
 B = Non-inter-level travel time spent in this place.
 C = Inter-level travel time spent in this place.
 D = Time resting spent in this place.
 E = Time spent auto-exploring this place.
 F = Levels seen in this place.
 G = Mean time per level.
                   A        B        C        D        E       F      G
               +--------+--------+--------+--------+--------+-----+--------+
         Total |   5567 |   5210 |    357 |   1000 |   3258 |   7 |  795.3 |
       Dungeon |   5523 |   5182 |    341 |   1000 |   3237 |   6 |  920.5 |
        Temple |     44 |     28 |     16 |      0 |     21 |   1 |   44.0 |
               +--------+--------+--------+--------+--------+-----+--------+

Top non-repeatable levels by time:
     D:3: 1435 daAuts
     D:4: 1295 daAuts
     D:5: 1240 daAuts
     D:1: 759 daAuts
     D:2: 620 daAuts
     D:6: 172 daAuts
  Temple: 44 daAuts
